 Dungeon Crawl Stone Soup version 0.21.0-25-ge575cb9 (webtiles) character file.

90 teukkam the Covered (level 4, 0/38 HPs)
             Began as a Gnoll Wanderer on Jan 23, 2018.
             Was a Follower of Ru.
             Succumbed to an adder's poison
             ... on level 3 of the Dungeon.
             The game lasted 00:12:10 (2723 turns).

teukkam the Covered (Gnoll Wanderer)                Turns: 2723, Time: 00:12:10

Health: 0/38       AC:  4    Str: 14      XL:     4   Next: 56%
Magic:  6/6        EV:  9    Int: 16 (18) God:    Ru [*.....]
Gold:   134        SH:  0    Dex: 16 (17) Spells: 3/5 levels left

rFire    . . .     SeeInvis +   a - +0 dagger (venom)
rCold    . . .     Gourm    .   (no shield)
rNeg     . . .     Faith    .   i - +0 leather armour
rPois    .         Spirit   .   f - +0 helmet (curse)
rElec    .         Reflect  .   (no cloak)
rCorr    .         Harm     .   (no gloves)
MR       .....                  (no boots)
Stlth    ++........             (no amulet)
HPRegen  0.12/turn              e - -2 ring of evasion (curse)
MPRegen  0.10/turn              u - ring of see invisible

@: brilliant, lethally poisoned (0 -> -9), flying
A: distributed training, fangs 1, inability to train dodging, strong nose
a: Renounce Religion


You were on level 3 of the Dungeon.
You worshipped Ru.
Ru was aware of your devotion.
You were not hungry.

You visited 1 branch of the dungeon, and saw 3 of its levels.

You collected 134 gold pieces.

Inventory:

Hand Weapons
 a - a +0 dagger of venom (weapon)
 c - a +0 mace
Armour
 b - a +0 ring mail
 f - a cursed +0 helmet (worn)
 g - a +0 buckler
 i - a +0 leather armour (worn)
 m - a +0 robe
Jewellery
 e - a cursed -2 ring of evasion (left hand)
 u - a ring of see invisible (right hand)
Scrolls
 j - a scroll of magic mapping {unknown}
 k - 3 scrolls of teleportation {unknown}
 l - 2 scrolls of remove curse {unknown}
 p - 2 scrolls of identify {unknown}
 q - a scroll of random uselessness {unknown}
 s - a scroll of noise {unknown}
 t - a scroll of enchant weapon {unknown}
Books
 n - a book of Necromancy

   Spells                             Type                      Level
   a - Pain                           Necromancy                   1
   b - Animate Skeleton               Necromancy                   1
   c - Vampiric Draining              Necromancy                   3
   d - Regeneration                   Charms/Necromancy            3
   e - Animate Dead                   Necromancy                   4
   f - Borgnjor's Vile Clutch         Necromancy/Earth             5
Comestibles
 d - 2 rations
 v - 6 chunks of flesh


   Skills:
 + Level 4.6 Fighting
 + Level 1.1 Short Blades
 + Level 1.1 Long Blades
 + Level 1.1 Axes
 + Level 2.7 Maces & Flails
 + Level 1.1 Polearms
 + Level 1.1 Staves
 + Level 1.1 Slings
 + Level 1.1 Bows
 + Level 1.1 Crossbows
 + Level 2.7 Throwing
 + Level 4.6 Armour
   Level 0.0 Dodging
 + Level 1.1 Stealth
 + Level 1.1 Shields
 + Level 1.1 Unarmed Combat
 + Level 1.1 Spellcasting
 + Level 0.9 Conjurations
 + Level 0.9 Hexes
 + Level 2.2 Charms
 + Level 0.9 Summonings
 + Level 3.8 Necromancy
 + Level 0.9 Translocations
 + Level 0.9 Transmutations
 + Level 0.9 Fire Magic
 + Level 0.9 Ice Magic
 + Level 0.9 Air Magic
 + Level 0.9 Earth Magic
 + Level 0.9 Poison Magic
 + Level 1.2 Invocations
 + Level 2.7 Evocations


You had 3 spell levels left.
You knew the following spells:

 Your Spells              Type           Power        Failure   Level  Hunger
a - Animate Skeleton      Necr           N/A          1%          1    ##.....
b - Pain                  Necr           ###.         1%          1    ##.....


Dungeon Overview and Level Annotations

Branches:
Dungeon (3/15)

Altars:
Ru
Vehumet
The Shining One


Innate Abilities, Weirdness & Mutations

Your experience applies equally to all skills.
You have very sharp teeth.
You cannot train Dodging skill.
Your uncanny sense of smell can sniff out nearby items.


Message History

You feel very buoyant.
You fly up into the air.
* * * LOW HITPOINT WARNING * * *
You feel sick. The hound bites you.
* * * LOW HITPOINT WARNING * * *
You redirect the adder's attack!
The adder barely misses itself.
The hound bites you but does no damage.
As you read the scroll labeled FOPOOGA ZUVI, it crumbles to dust.
You assume a fearsome visage.
The hound looks frightened!
Your frilled lizard skeleton is unaffected.
Your hobgoblin skeleton is unaffected.
The adder looks frightened!
It was a scroll of fear.
* * * LOW HITPOINT WARNING * * *
You feel sick.
Your frilled lizard skeleton bites the hound.
Your frilled lizard skeleton's attack snaps the hound out of its fear.
* * * LOW HITPOINT WARNING * * *
You feel sick.
The adder looks more healthy.
You die...

#.# #...# ####.##....
#.# #...# #..<....#
###.### #.... #.##.##.#
....#.## #...# .. #.# #
####...## ##### ## #..
##.....########## ###
#### #.......S.##.....
...# ∆
#............####..#
#.#....Z#.##...@...#
#.##.#.Z#.##..####.....
#.#..#..#...).# .##
#.#.##..####(.# #. #..#
#..# .( .... .ZZ#
##.#######.... #..h..
#....)#


You could see an adder (fleeing).

Vanquished Creatures
  An adder (D:2)
  A worm (D:2)
  2 dart slugs (D:2)
  2 leopard geckos
  2 ball pythons (D:1)
  7 bats
  4 giant cockroaches (D:2)
  12 goblins
  7 hobgoblins
  8 jackals
  4 kobolds
  A quokka (D:3)
  A frilled lizard (D:3)
  13 rats
65 creatures vanquished.

Vanquished Creatures (collateral kills)
  A kobold (D:3)
  2 goblins
  A rat (D:2)
4 creatures vanquished.

Vanquished Creatures (others)
  A plant (D:2)
1 creature vanquished.

Grand Total: 70 creatures vanquished

Notes
Turn   | Place    | Note
-------+----------+-------------------------------------------
     0 | D:1      | teukkam the Gnoll Wanderer began the quest for the Orb.
     0 | D:1      | teukkam set off with: a book of Necromancy, a +0 ring mail, a +0 mace, a ration
     0 | D:1      | Reached XP level 1. HP: 20/20 MP: 2/2
    24 | D:2      | Found a radiant altar of Vehumet.
   310 | D:1      | Reached XP level 2. HP: 24/26 MP: 3/3
   325 | D:1      | Learned a level 1 spell: Animate Skeleton
   703 | D:1      | Reached XP level 3. HP: 29/31 MP: 4/4
   706 | D:1      | Learned a level 1 spell: Pain
  1357 | D:2      | Reached skill level 1 in Invocations
  1408 | D:2      | Reached skill level 1 in Short Blades
  1408 | D:2      | Reached skill level 1 in Long Blades
  1408 | D:2      | Reached skill level 1 in Axes
  1408 | D:2      | Reached skill level 1 in Polearms
  1408 | D:2      | Reached skill level 1 in Staves
  1408 | D:2      | Reached skill level 1 in Slings
  1408 | D:2      | Reached skill level 1 in Bows
  1408 | D:2      | Reached skill level 1 in Crossbows
  1408 | D:2      | Reached skill level 1 in Dodging
  1408 | D:2      | Reached skill level 1 in Stealth
  1408 | D:2      | Reached skill level 1 in Shields
  1408 | D:2      | Reached skill level 1 in Unarmed Combat
  1408 | D:2      | Reached skill level 1 in Spellcasting
  1648 | D:2      | Reached XP level 4. HP: 29/38 MP: 6/6
  1900 | D:2      | Found a glowing golden altar of the Shining One.
  2447 | D:2      | Found a faded altar of an unknown god.
  2449 | D:2      | Became a worshipper of Ru the Awakened
  2463 | D:2      | Gained mutation: You cannot train Dodging skill. [Ru sacrifice]
  2463 | D:2      | Reached * piety under Ru
  2721 | D:3      | HP: 1/38 [poisoned by an adder]
  2723 | D:3      | Succumbed to an adder's poison

Skill      XL: |  1  2  3  4 |
---------------+-------------+-----
Charms         | 2 |  2.2
Invocations    | 1 |  1.2
Short Blades   | 1 |  1.1
Long Blades    | 1 |  1.1
Axes           | 1 |  1.1
Polearms       | 1 |  1.1
Staves         | 1 |  1.1
Slings         | 1 |  1.1
Bows           | 1 |  1.1
Crossbows      | 1 |  1.1
Dodging        | 1 0 |  0.0
Stealth        | 1 |  1.1
Shields        | 1 |  1.1
Unarmed Combat | 1 |  1.1
Spellcasting   | 1 |  1.1
Fighting       | |  4.6
Maces & Flails | |  2.7
Throwing       | |  2.7
Armour         | |  4.6
Conjurations   | |  0.9
Hexes          | |  0.9
Summonings     | |  0.9
Necromancy     | |  3.8
Translocations | |  0.9
Transmutations | |  0.9
Fire Magic     | |  0.9
Ice Magic      | |  0.9
Air Magic      | |  0.9
Earth Magic    | |  0.9
Poison Magic   | |  0.9
Evocations     | |  2.7

Action                   |  1- 3 |  4- 6 || total
-------------------------+-------+-------++-------
Melee: Mace              |    83 |       ||    83
       Bite              |    16 |     3 ||    19
       Dagger            |    60 |    54 ||   114
       Punch             |     1 |       ||     1
 Cast: Animate Skeleton  |    12 |     6 ||    18
       Pain              |     7 |     2 ||     9
Invok: Sacrifice Nimblen |       |     1 ||     1
  Use: Potion            |     2 |     2 ||     4
       Scroll            |       |     1 ||     1
 Stab: Sleeping          |     1 |     1 ||     2
  Eat: Chunk             |     3 |     4 ||     7
Armor: Ring mail         |    24 |       ||    24
       Robe              |    14 |       ||    14
       Leather armour    |    31 |    28 ||    59
Dodge: Dodged            |    82 |    26 ||   108
Block: Buckler           |     8 |       ||     8
